TORONTO vs WASHINGTON

Created - June-10-21 at 21:08

Goals
1 2 3 T
TORONTO 1 0 2 3
WASHINGTON 0 0 1 1
Shots
1 2 3 T
TORONTO 3 2 11 16
WASHINGTON 4 3 11 18

1st period

1. TORONTO , Brayden Point 34 (Alex Pietrangelo 39, Kevin Shattenkirk 32) at 0:31

Penalties :
Ethan Bear (TOR) for Hooking (Minor) at 8:26, Josh Morrissey (TOR) for High sticking (Minor) at 18:14

2nd period

No Goal

Penalties :
Kevin Shattenkirk (TOR) for High sticking (Minor) at 4:02, Curtis Lazar (TOR) for Tripping (Minor) at 19:48

3rd period

2. TORONTO , Kyle Turris 13 (Brayden Point 37, Nick Suzuki 20) at 13:10
3. TORONTO , Kevin Shattenkirk 5 (Brady Tkachuk 18, Mark Scheifele 40) at 14:48 (PP)
4. WASHINGTON , Damon Severson 15 (Ryan Getzlaf 35, Clayton Keller 29) at 15:54

Penalties :
Brady Tkachuk (TOR) for Slashing (Minor) at 3:39, Brady Tkachuk (TOR) for Hooking (Minor) at 8:59, Casey Cizikas (WSH) for Hooking (Minor) at 11:09, Ryan Reaves (TOR) for Hooking (Minor) at 11:09, Radko Gudas (WSH) for Hooking (Minor) at 14:21

Goalie Stats

Jonathan Quick (TOR), 17 saves from 18 shots - (0.944), W, 14-4-6, 60:00 minutes
Carter Hart (WSH), 13 saves from 16 shots - (0.813), L, 33-24-8, 60:00 minutes

Players Stats for TORONTO

Player Name              G  A  P  +/- PIM S  H  SB GA TA FO     MP     PP MP  PK MP  
------------------------------------------------------------------------------------
Alex Pietrangelo         0  1  1   0  0   0  2  0  0  0  0/0    24:39   0:00   5:33 
Brady Tkachuk            0  1  1   0  4   0  5  0  0  0  0/1    17:36   0:27   2:01 
Brayden Point            1  1  2   0  0   3  0  0  0  0  0/2    22:38   0:27   6:56 
Curtis Lazar             0  0  0   0  2   0  0  0  0  0  1/5     5:53   0:00   0:00 
Ethan Bear               0  0  0   0  2   2  0  0  0  0  0/0    20:44   0:00   5:26 
Joe Pavelski             0  0  0   0  0   0  2  0  0  0  5/10   17:42   0:00   4:37 
Jordan Martinook         0  0  0   0  0   0  0  0  0  0  0/0     7:26   0:00   1:32 
Jordie Benn              0  0  0   1  0   0  2  1  0  0  0/0    17:13   0:00   3:48 
Josh Morrissey           0  0  0   0  2   1  4  1  0  0  0/0    20:46   0:27   3:10 
Kevin Shattenkirk        1  1  2   0  2   1  2  1  0  0  0/0    21:15   0:27   3:56 
Kyle Turris              1  0  1   1  0   4  0  0  0  0  9/13   13:03   0:00   0:00 
Mark Scheifele           0  1  1   0  0   3  1  0  0  0  13/29  22:59   0:27   7:03 
Nick Suzuki              0  1  1   0  0   2  0  0  0  0  0/1    12:49   0:00   0:00 
Ondrej Palat             0  0  0   0  0   0  1  0  0  0  0/1    12:19   0:00   0:00 
Oskar Lindblom           0  0  0   1  0   0  0  0  0  0  0/1    13:03   0:00   0:00 
Richard Panik            0  0  0   1  0   0  2  0  0  0  0/0    14:42   0:00   1:39 
Ryan Reaves              0  0  0   0  2   0  2  0  0  0  0/0     5:53   0:00   0:00 
Trevor Daley             0  0  0   1  0   0  0  1  0  0  0/0    15:20   0:00   1:55 

Players Stats for WASHINGTON

Player Name              G  A  P  +/- PIM S  H  SB GA TA FO     MP     PP MP  PK MP  
------------------------------------------------------------------------------------
Blake Wheeler            0  0  0   0  0   1  1  0  0  0  1/1    21:48   5:09   0:00 
Brayden Schenn           0  0  0   0  0   0  3  0  0  0  1/2    20:41   5:34   0:00 
Brendan Gallagher        0  0  0  -1  0   1  1  0  0  0  1/2    20:58   5:47   0:00 
Cal Clutterbuck          0  0  0   0  0   0  0  0  0  0  0/0     5:55   0:33   0:00 
Casey Cizikas            0  0  0   0  2   0  1  0  0  0  6/11   12:27   0:33   0:00 
Clayton Keller           0  1  1  -1  0   1  0  0  0  0  0/3    20:58   5:47   0:00 
Damon Severson           1  0  1   1  0   5  0  0  0  0  0/0    23:16   6:17   0:22 
Dylan DeMelo             0  0  0  -1  0   0  2  1  0  0  0/0    12:46   0:00   0:00 
Justin Williams          0  0  0   0  0   0  0  0  0  0  0/0    12:28   0:33   0:00 
Luke Glendening          0  0  0   0  0   0  0  0  0  0  2/2     4:44   0:00   0:00 
Matt Niskanen            0  0  0   1  0   2  2  2  0  0  0/0    23:16   6:17   0:22 
Radko Gudas              0  0  0  -1  2   1  3  1  0  0  0/0    12:45   0:00   0:00 
Ryan Getzlaf             0  1  1  -1  0   2  0  0  0  0  9/20   21:46   5:47   0:27 
Ryan Graves              0  0  0  -1  0   1  1  4  0  0  0/0    16:59   0:00   0:05 
Ryan O'Reilly            0  0  0   0  0   3  0  0  0  0  15/20  20:45   5:34   0:27 
Victor Hedman            0  0  0  -1  0   0  0  2  0  0  0/0    23:58   5:37   0:05 
Victor Mete              0  0  0   0  0   0  0  0  0  0  0/0     1:50   0:28   0:00 
Zach Parise              0  0  0   0  0   1  1  0  0  0  0/2    20:05   5:34   0:00 

3 Stars

1 - Brayden Point (TOR)
2 - Kevin Shattenkirk (TOR)
3 - Kyle Turris (TOR)

Power Play

TORONTO - 1 on 1 Attempt(s) - 100.00%
WASHINGTON - 0 on 6 Attempt(s) - 0.00%

Penalty Kill

TORONTO - 6 on 6 Attempt(s) - 100.00% - Score 0 goal in Penalty Kill
WASHINGTON - 0 on 1 Attempt(s) - 0.00% - Score 0 goal in Penalty Kill

Team Stat

TORONTO - Hits : 23 - Faceoff Wins : 28 - Blocked Shots : 4 - Penalty Minutes : 14
WASHINGTON - Hits : 15 - Faceoff Wins : 35 - Blocked Shots : 10 - Penalty Minutes : 4

Official

Referees : Brandon Schrader and Jim Curtin
Linesman : Chris Boddy and Darren Gibbs

Game Notes

No Game Note

Finance

Level 1 -- Attendance: 5996 (99.93%) -- Ticket Income $497,668
Level 2 -- Attendance: 5000 (100.00%) -- Ticket Income $255,000
Level 3 -- Attendance: 2000 (100.00%) -- Ticket Income $52,000
Level 4 -- Attendance: 3772 (94.30%) -- Ticket Income $60,352
Luxury Box -- Attendance: 1000 (100.00%) -- Ticket Income $170,000
Game was played at the Verizon Center.
Total Attendance: 17768 (98.71%)
Total Ticket Income: $1,035,020
Total Income: $1,035,020

TORONTO

5 vs 5 Forward 
   Center                   Left Wing                Right Wing               Time % Phy DF OF 
 1 Mark Scheifele           Brady Tkachuk            Brayden Point            35     0   2  3  
 2 Joe Pavelski             Ondrej Palat             Nick Suzuki              30     0   2  3  
 3 Kyle Turris              Oskar Lindblom           Richard Panik            25     0   2  3  
 4 Curtis Lazar             Jordan Martinook         Ryan Reaves              10     2   2  1  

5 vs 5 Defense 
   Defense                  Defense                                           Time % Phy DF OF 
 1 Alex Pietrangelo         Kevin Shattenkirk                                 35     0   3  2  
 2 Josh Morrissey           Ethan Bear                                        30     0   3  2  
 3 Trevor Daley             Jordie Benn                                       25     1   4  0  
 4 Alex Pietrangelo         Josh Morrissey                                    10     1   2  2  

PowerPlay Forward 
   Center                   Left Wing                Right Wing               Time % Phy DF OF 
 1 Mark Scheifele           Brady Tkachuk            Brayden Point            60     0   1  4  
 2 Joe Pavelski             Ondrej Palat             Nick Suzuki              40     0   1  4  

PowerPlay Defense
   Defense                  Defense                                           Time % Phy DF OF 
 1 Joe Pavelski             Alex Pietrangelo                                  60     0   2  3  
 2 Josh Morrissey           Kevin Shattenkirk                                 40     0   2  3  

Penalty Kill 4 Players Forward 
   Center                   Wing                     Time % Phy DF OF 
 1 Mark Scheifele           Brayden Point            60     0   4  1  
 2 Joe Pavelski             Brady Tkachuk            40     0   4  1  

Penalty Kill 4 Players Defense
   Defense                  Defense                  Time % Phy DF OF 
 1 Alex Pietrangelo         Ethan Bear               60     0   4  1  
 2 Josh Morrissey           Kevin Shattenkirk        40     0   4  1  

Penalty Kill - 3 Players Forward 
   Forward                                           Time % Phy DF OF 
 1 Mark Scheifele                                    60     0   5  0  
 2 Brayden Point                                     40     0   5  0  

Penalty Kill - 3 Players Defense
   Defense                  Defense                  Time % Phy DF OF 
 1 Alex Pietrangelo         Ethan Bear               60     0   5  0  
 2 Josh Morrissey           Kevin Shattenkirk        40     0   5  0  

4 vs 4 Forward 
   Center                   Wing                     Time % Phy DF OF 
 1 Mark Scheifele           Brayden Point            60     1   2  2  
 2 Joe Pavelski             Brady Tkachuk            40     1   2  2  

4 vs 4 Defense
   Defense                  Defense                  Time % Phy DF OF 
 1 Alex Pietrangelo         Ethan Bear               60     1   2  2  
 2 Josh Morrissey           Kevin Shattenkirk        40     1   2  2  

Last Minutes Offensive
   Center                   Left Wing                Right Wing               Defense                  Defense                  
   Mark Scheifele           Brady Tkachuk            Brayden Point            Alex Pietrangelo         Josh Morrissey           

Last Minutes Defensive
   Center                   Left Wing                Right Wing               Defense                  Defense                  
   Mark Scheifele           Brady Tkachuk            Brayden Point            Alex Pietrangelo         Josh Morrissey           

Goaltenders
Starting : Jonathan Quick           
Backup : Chris Driedger           

Extra Forwards
Normal : Nick Suzuki, Oskar Lindblom, Richard Panik - PP : Nick Suzuki, Oskar Lindblom - PK : Richard Panik
Extra Defensemen
Normal : Ethan Bear, Jordie Benn, Josh Morrissey - PP : Ethan Bear - PK : Jordie Benn, Josh Morrissey
Penalty Shots
Mark Scheifele, Brayden Point, Joe Pavelski, Brady Tkachuk, Ondrej Palat

Scratches
Christian Fischer (Healthy), TOR Cap Hit (Suspend)

WASHINGTON

5 vs 5 Forward 
   Center                   Left Wing                Right Wing               Time % Phy DF OF 
 1 Ryan Getzlaf             Clayton Keller           Brendan Gallagher        35     0   2  3  
 2 Ryan O'Reilly            Brayden Schenn           Zach Parise              30     0   3  2  
 3 Casey Cizikas            Blake Wheeler            Justin Williams          25     1   3  1  
 4 Luke Glendening          Blake Wheeler            Cal Clutterbuck          10     1   3  1  

5 vs 5 Defense 
   Defense                  Defense                                           Time % Phy DF OF 
 1 Victor Hedman            Ryan Graves                                       45     0   3  2  
 2 Matt Niskanen            Damon Severson                                    40     0   2  3  
 3 Radko Gudas              Dylan DeMelo                                      14     1   3  1  
 4 Victor Hedman            Victor Mete                                       1      0   3  2  

PowerPlay Forward 
   Center                   Left Wing                Right Wing               Time % Phy DF OF 
 1 Ryan O'Reilly            Brayden Schenn           Zach Parise              50     0   0  5  
 2 Ryan Getzlaf             Clayton Keller           Brendan Gallagher        50     0   0  5  

PowerPlay Defense
   Defense                  Defense                                           Time % Phy DF OF 
 1 Victor Hedman            Blake Wheeler                                     50     0   0  5  
 2 Matt Niskanen            Damon Severson                                    50     0   0  5  

Penalty Kill 4 Players Forward 
   Center                   Wing                     Time % Phy DF OF 
 1 Ryan O'Reilly            Blake Wheeler            65     0   4  1  
 2 Luke Glendening          Casey Cizikas            35     0   4  1  

Penalty Kill 4 Players Defense
   Defense                  Defense                  Time % Phy DF OF 
 1 Victor Hedman            Ryan Graves              65     0   5  0  
 2 Matt Niskanen            Damon Severson           35     0   5  0  

Penalty Kill - 3 Players Forward 
   Forward                                           Time % Phy DF OF 
 1 Ryan O'Reilly                                     65     0   5  0  
 2 Ryan Getzlaf                                      35     0   5  0  

Penalty Kill - 3 Players Defense
   Defense                  Defense                  Time % Phy DF OF 
 1 Victor Hedman            Ryan Graves              65     0   5  0  
 2 Matt Niskanen            Damon Severson           35     0   5  0  

4 vs 4 Forward 
   Center                   Wing                     Time % Phy DF OF 
 1 Ryan O'Reilly            Zach Parise              50     0   2  3  
 2 Brayden Schenn           Blake Wheeler            50     0   2  3  

4 vs 4 Defense
   Defense                  Defense                  Time % Phy DF OF 
 1 Victor Hedman            Ryan Graves              50     0   3  2  
 2 Matt Niskanen            Damon Severson           50     0   2  3  

Last Minutes Offensive
   Center                   Left Wing                Right Wing               Defense                  Defense                  
   Ryan Getzlaf             Clayton Keller           Brendan Gallagher        Victor Hedman            Matt Niskanen            

Last Minutes Defensive
   Center                   Left Wing                Right Wing               Defense                  Defense                  
   Ryan O'Reilly            Brayden Schenn           Blake Wheeler            Victor Hedman            Ryan Graves              

Goaltenders
Starting : Carter Hart              
Backup : Carter Hutton            

Extra Forwards
Normal : Blake Wheeler, Ryan O'Reilly, Zach Parise - PP : Justin Williams, Casey Cizikas - PK : Ryan Getzlaf
Extra Defensemen
Normal : Victor Hedman, Matt Niskanen, Damon Severson - PP : Victor Mete - PK : Radko Gudas, Dylan DeMelo
Penalty Shots
Ryan Getzlaf, Zach Parise, Justin Williams, Blake Wheeler, Ryan O'Reilly

Scratches
WSH Cap Hit (Suspend), Sam Bennett (Healthy), Martin Frk (Healthy)

% Time on Ice - TORONTO

Lines # - Real PCT - Wanted PCT - Time Play
Normal Forward
1 - 32% - 35% - 14:24
2 - 27% - 30% - 12:19
3 - 29% - 25% - 13:03
4 - 13% - 10% - 5:54
Normal Defense
1 - 35% - 35% - 15:59
2 - 31% - 30% - 14:14
3 - 29% - 25% - 13:25
4 - 4% - 10% - 2:02
PP Forward
1 - 100% - 60% - 0:27
2 - 0% - 40% - 0:00
PP Defense
1 - 0% - 60% - 0:00
2 - 100% - 40% - 0:27
PK Forward
1 - 70% - 60% - 8:17
2 - 30% - 40% - 3:37
PK Defense
1 - 58% - 60% - 6:54
2 - 42% - 40% - 5:00
PK3 Forward
1 - 0% - 60%
2 - 0% - 40%
PK3 Defense
1 - 0% - 60%
2 - 0% - 40%
44 Forward
1 - 61% - 60% - 1:13
2 - 39% - 40% - 0:46
44 Defense
1 - 55% - 60% - 1:05
2 - 45% - 40% - 0:54
Last Minute Offensive  - 0:00
Last Minute Defensive  - 0:00
Total
Forward - 60:00
Defense - 60:00

% Time on Ice - WASHINGTON

Lines # - Real PCT - Wanted PCT - Time Play
Normal Forward
1 - 33% - 35% - 15:11
2 - 30% - 30% - 13:50
3 - 26% - 25% - 11:55
4 - 10% - 10% - 4:44
Normal Defense
1 - 35% - 45% - 16:12
2 - 34% - 40% - 15:20
3 - 28% - 14% - 12:46
4 - 3% - 1% - 1:22
PP Forward
1 - 47% - 50% - 5:34
2 - 53% - 50% - 6:20
PP Defense
1 - 47% - 50% - 5:37
2 - 53% - 50% - 6:17
PK Forward
1 - 100% - 65% - 0:27
2 - 0% - 35% - 0:00
PK Defense
1 - 19% - 65% - 0:05
2 - 81% - 35% - 0:22
PK3 Forward
1 - 0% - 65%
2 - 0% - 35%
PK3 Defense
1 - 0% - 65%
2 - 0% - 35%
44 Forward
1 - 35% - 50% - 0:42
2 - 65% - 50% - 1:17
44 Defense
1 - 35% - 50% - 0:42
2 - 65% - 50% - 1:17
Last Minute Offensive  - 0:00
Last Minute Defensive  - 0:00
Total
Forward - 60:00
Defense - 60:00

Play-by-Play

1st period


0:01 of 1st period - Mark Scheifele wins face-off versus Clayton Keller in neutral zone.
0:31 of 1st period - Shot by Brayden Point.
0:31 of 1st period - Goal by Brayden Point - TORONTO : 1 - WASHINGTON : 0.
0:32 of 1st period - Ryan O'Reilly wins face-off versus Ondrej Palat in neutral zone.
0:46 of 1st period - Nick Suzuki is hit by Zach Parise and loses puck.
1:01 of 1st period - Ryan O'Reilly is hit by Ondrej Palat and loses puck.
1:29 of 1st period - Joe Pavelski is hit by Dylan DeMelo and loses puck.
1:38 of 1st period - Shot by Blake Wheeler.
1:38 of 1st period - Deflect By Justin Williams.
1:38 of 1st period - Shot Misses the Net.
1:58 of 1st period - Shot by Justin Williams.
1:58 of 1st period - Shot Misses the Net.
2:28 of 1st period - Joe Pavelski is hit by Brendan Gallagher and loses puck.
4:49 of 1st period - Shot by Ryan Getzlaf.
4:49 of 1st period - Stopped by Jonathan Quick without a rebound.
4:50 of 1st period - Casey Cizikas wins face-off versus Curtis Lazar in TORONTO zone.
4:58 of 1st period - Icing by Damon Severson.
4:59 of 1st period - Kyle Turris wins face-off versus Casey Cizikas in WASHINGTON zone.
5:54 of 1st period - Icing by Blake Wheeler.
5:55 of 1st period - Casey Cizikas wins face-off versus Curtis Lazar in WASHINGTON zone.
6:00 of 1st period - Damon Severson is hit by Ryan Reaves and loses puck.
6:08 of 1st period - Off-side.
6:09 of 1st period - Ryan Getzlaf wins face-off versus Brady Tkachuk in neutral zone.
6:59 of 1st period - Icing by Ethan Bear.
7:00 of 1st period - Curtis Lazar wins face-off versus Zach Parise in TORONTO zone.
7:00 of 1st period - Curtis Lazar is hit by Brayden Schenn.
7:05 of 1st period - Ethan Bear is hit by Radko Gudas and loses puck.
7:22 of 1st period - Shot by Ryan O'Reilly.
7:22 of 1st period - Stopped by Jonathan Quick with a rebound.
7:53 of 1st period - Icing by Ethan Bear.
7:54 of 1st period - Casey Cizikas wins face-off versus Curtis Lazar in TORONTO zone.
7:54 of 1st period - Blake Wheeler is hit by Josh Morrissey and loses puck.
8:12 of 1st period - Blake Wheeler is hit by Josh Morrissey and loses puck.
8:26 of 1st period - Minor Penalty to Ethan Bear for Hooking.
8:27 of 1st period - Mark Scheifele wins face-off versus Ryan Getzlaf in TORONTO zone.
8:53 of 1st period - Shot by Victor Hedman.
8:53 of 1st period - Shot Misses the Net.
10:05 of 1st period - Victor Mete is hit by Mark Scheifele and loses puck.
12:44 of 1st period - Brendan Gallagher is hit by Brady Tkachuk and loses puck.
12:53 of 1st period - Shot by Mark Scheifele.
12:53 of 1st period - Stopped by Carter Hart with a rebound.
13:21 of 1st period - Shot by Alex Pietrangelo.
13:21 of 1st period - Deflect By Oskar Lindblom.
13:21 of 1st period - Shot Hit the Post.
13:54 of 1st period - Shot by Ryan O'Reilly.
13:54 of 1st period - Stopped by Jonathan Quick without a rebound.
13:55 of 1st period - Ryan O'Reilly wins face-off versus Joe Pavelski in TORONTO zone.
14:14 of 1st period - Shot by Brayden Schenn.
14:14 of 1st period - Shot Misses the Net.
14:28 of 1st period - Shot by Nick Suzuki.
14:28 of 1st period - Shot Misses the Net.
14:35 of 1st period - Icing by Matt Niskanen.
14:36 of 1st period - Ryan O'Reilly wins face-off versus Mark Scheifele in WASHINGTON zone.
14:36 of 1st period - Ryan O'Reilly is hit by Brady Tkachuk.
14:41 of 1st period - Off-side.
14:42 of 1st period - Mark Scheifele wins face-off versus Clayton Keller in neutral zone.
15:55 of 1st period - Shot by Radko Gudas.
15:55 of 1st period - Stopped by Jonathan Quick without a rebound.
15:56 of 1st period - Kyle Turris wins face-off versus Ryan O'Reilly in TORONTO zone.
16:18 of 1st period - Shot by Ryan O'Reilly.
16:18 of 1st period - Shot Misses the Net.
16:20 of 1st period - Shot by Ryan O'Reilly.
16:20 of 1st period - Shot Misses the Net.
16:24 of 1st period - Shot by Ryan O'Reilly.
16:24 of 1st period - Shot Misses the Net.
16:33 of 1st period - Icing by Jordie Benn.
16:34 of 1st period - Kyle Turris wins face-off versus Casey Cizikas in TORONTO zone.
17:24 of 1st period - Shot by Brayden Point.
17:24 of 1st period - Stopped by Carter Hart with a rebound.
18:13 of 1st period - Ryan Getzlaf is hit by Josh Morrissey and loses puck.
18:14 of 1st period - Minor Penalty to Josh Morrissey for High sticking.
18:15 of 1st period - Joe Pavelski wins face-off versus Zach Parise in TORONTO zone.
18:50 of 1st period - Matt Niskanen is hit by Joe Pavelski and loses puck.
19:10 of 1st period - Icing by Ryan Getzlaf.
19:11 of 1st period - Mark Scheifele wins face-off versus Ryan Getzlaf in WASHINGTON zone.
Goals for this period are 1 for TORONTO vs 0 for WASHINGTON.
Shots for this period are 3 for TORONTO vs 4 for WASHINGTON.

2nd period


0:01 of 2nd period - Ryan O'Reilly wins face-off versus Mark Scheifele in neutral zone.
1:28 of 2nd period - Shot by Brayden Point.
1:28 of 2nd period - Stopped by Carter Hart without a rebound.
1:29 of 2nd period - Casey Cizikas wins face-off versus Kyle Turris in WASHINGTON zone.
1:33 of 2nd period - Radko Gudas is hit by Kevin Shattenkirk and loses puck.
2:39 of 2nd period - Brayden Point is hit by Brayden Schenn.
2:47 of 2nd period - Shot by Mark Scheifele.
2:47 of 2nd period - Shot Blocked by Matt Niskanen.
4:02 of 2nd period - Minor Penalty to Kevin Shattenkirk for High sticking.
4:03 of 2nd period - Ryan Getzlaf wins face-off versus Brayden Point in TORONTO zone.
4:42 of 2nd period - Alex Pietrangelo is hit by Brayden Schenn and loses puck.
5:23 of 2nd period - Shot by Victor Hedman.
5:23 of 2nd period - Shot Misses the Net.
5:31 of 2nd period - Shot by Casey Cizikas.
5:31 of 2nd period - Shot Misses the Net.
5:48 of 2nd period - Shot by Damon Severson.
5:48 of 2nd period - Stopped by Jonathan Quick without a rebound.
5:49 of 2nd period - Ryan Getzlaf wins face-off versus Mark Scheifele in TORONTO zone.
6:28 of 2nd period - Shot by Radko Gudas.
6:28 of 2nd period - Shot Blocked by Kevin Shattenkirk.
6:30 of 2nd period - Shot by Dylan DeMelo.
6:30 of 2nd period - Shot Misses the Net.
6:54 of 2nd period - Shot by Kyle Turris.
6:54 of 2nd period - Shot Misses the Net.
7:18 of 2nd period - Shot by Oskar Lindblom.
7:18 of 2nd period - Shot Misses the Net.
8:43 of 2nd period - Brayden Point is hit by Radko Gudas.
9:13 of 2nd period - Shot by Ryan Reaves.
9:13 of 2nd period - Shot Misses the Net.
9:18 of 2nd period - Off-side.
9:19 of 2nd period - Kyle Turris wins face-off versus Brayden Schenn in neutral zone.
9:21 of 2nd period - Josh Morrissey is hit by Ryan Graves and loses puck.
10:14 of 2nd period - Shot by Clayton Keller.
10:14 of 2nd period - Shot Misses the Net.
10:16 of 2nd period - Shot by Brendan Gallagher.
10:16 of 2nd period - Shot Misses the Net.
10:18 of 2nd period - Shot by Matt Niskanen.
10:18 of 2nd period - Stopped by Jonathan Quick with a rebound.
10:20 of 2nd period - Shot by Clayton Keller.
10:20 of 2nd period - Shot Misses the Net.
10:22 of 2nd period - Shot by Clayton Keller.
10:22 of 2nd period - Stopped by Jonathan Quick without a rebound.
10:23 of 2nd period - Luke Glendening wins face-off versus Mark Scheifele in TORONTO zone.
10:40 of 2nd period - Shot by Cal Clutterbuck.
10:40 of 2nd period - Shot Misses the Net.
11:02 of 2nd period - Shot by Mark Scheifele.
11:02 of 2nd period - Shot Misses the Net.
11:14 of 2nd period - Shot by Joe Pavelski.
11:14 of 2nd period - Deflect By Nick Suzuki.
11:14 of 2nd period - Shot Blocked by Radko Gudas.
11:22 of 2nd period - Shot by Nick Suzuki.
11:22 of 2nd period - Shot Blocked by Dylan DeMelo.
11:36 of 2nd period - Shot by Joe Pavelski.
11:36 of 2nd period - Shot Misses the Net.
11:38 of 2nd period - Shot by Nick Suzuki.
11:38 of 2nd period - Shot Misses the Net.
12:16 of 2nd period - Clayton Keller is hit by Richard Panik and loses puck.
12:22 of 2nd period - Icing by Victor Hedman.
12:23 of 2nd period - Ryan Getzlaf wins face-off versus Curtis Lazar in WASHINGTON zone.
12:23 of 2nd period - Ryan Getzlaf is hit by Ryan Reaves.
13:21 of 2nd period - Shot by Mark Scheifele.
13:21 of 2nd period - Deflect By Brayden Point.
13:21 of 2nd period - Shot Blocked by Victor Hedman.
13:43 of 2nd period - Shot by Mark Scheifele.
13:43 of 2nd period - Shot Blocked by Ryan Graves.
13:45 of 2nd period - Shot by Ethan Bear.
13:45 of 2nd period - Stopped by Carter Hart without a rebound.
13:46 of 2nd period - Ryan O'Reilly wins face-off versus Joe Pavelski in WASHINGTON zone.
14:19 of 2nd period - Shot by Ryan O'Reilly.
14:19 of 2nd period - Shot Blocked by Jordie Benn.
15:11 of 2nd period - Shot by Alex Pietrangelo.
15:11 of 2nd period - Shot Misses the Net.
15:16 of 2nd period - Richard Panik is hit by Dylan DeMelo and loses puck.
15:38 of 2nd period - Icing by Josh Morrissey.
15:39 of 2nd period - Ryan Getzlaf wins face-off versus Mark Scheifele in TORONTO zone.
15:44 of 2nd period - Shot by Luke Glendening.
15:44 of 2nd period - Shot Blocked by Josh Morrissey.
15:56 of 2nd period - Shot by Luke Glendening.
15:56 of 2nd period - Shot Misses the Net.
15:59 of 2nd period - Icing by Ethan Bear.
16:00 of 2nd period - Mark Scheifele wins face-off versus Ryan O'Reilly in TORONTO zone.
16:14 of 2nd period - Zach Parise is hit by Josh Morrissey and loses puck.
16:47 of 2nd period - Shot by Blake Wheeler.
16:47 of 2nd period - Deflect By Casey Cizikas.
16:47 of 2nd period - Shot Misses the Net.
17:18 of 2nd period - Icing by Josh Morrissey.
17:19 of 2nd period - Brendan Gallagher wins face-off versus Mark Scheifele in TORONTO zone.
17:22 of 2nd period - Shot by Ryan Graves.
17:22 of 2nd period - Shot Misses the Net.
17:41 of 2nd period - Shot by Brendan Gallagher.
17:41 of 2nd period - Deflect By Clayton Keller.
17:41 of 2nd period - Shot Misses the Net.
18:05 of 2nd period - Shot by Ondrej Palat.
18:05 of 2nd period - Shot Blocked by Ryan Graves.
18:07 of 2nd period - Shot by Alex Pietrangelo.
18:07 of 2nd period - Shot Misses the Net.
18:09 of 2nd period - Shot by Kevin Shattenkirk.
18:09 of 2nd period - Shot Misses the Net.
18:11 of 2nd period - Shot by Alex Pietrangelo.
18:11 of 2nd period - Shot Blocked by Victor Hedman.
18:53 of 2nd period - Shot by Oskar Lindblom.
18:53 of 2nd period - Shot Misses the Net.
18:58 of 2nd period - Richard Panik is hit by Matt Niskanen and loses puck.
19:21 of 2nd period - Shot by Ryan Reaves.
19:21 of 2nd period - Shot Misses the Net.
19:24 of 2nd period - Curtis Lazar is hit by Matt Niskanen and loses puck.
19:48 of 2nd period - Minor Penalty to Curtis Lazar for Tripping.
19:49 of 2nd period - Joe Pavelski wins face-off versus Ryan Getzlaf in TORONTO zone.
Goals for this period are 0 for TORONTO vs 0 for WASHINGTON.
Shots for this period are 2 for TORONTO vs 3 for WASHINGTON.

3rd period


0:01 of 3rd period - Ryan O'Reilly wins face-off versus Mark Scheifele in neutral zone.
0:35 of 3rd period - Shot by Zach Parise.
0:35 of 3rd period - Shot Misses the Net.
1:15 of 3rd period - Icing by Clayton Keller.
1:16 of 3rd period - Mark Scheifele wins face-off versus Ryan Getzlaf in WASHINGTON zone.
1:53 of 3rd period - Shot by Casey Cizikas.
1:53 of 3rd period - Shot Blocked by Trevor Daley.
1:59 of 3rd period - Shot by Ryan O'Reilly.
1:59 of 3rd period - Stopped by Jonathan Quick without a rebound.
2:00 of 3rd period - Luke Glendening wins face-off versus Joe Pavelski in TORONTO zone.
2:25 of 3rd period - Cal Clutterbuck is hit by Joe Pavelski and loses puck.
2:30 of 3rd period - Shot by Nick Suzuki.
2:30 of 3rd period - Stopped by Carter Hart without a rebound.
2:31 of 3rd period - Ryan O'Reilly wins face-off versus Kyle Turris in WASHINGTON zone.
2:33 of 3rd period - Icing by Victor Hedman.
2:34 of 3rd period - Kyle Turris wins face-off versus Ryan O'Reilly in WASHINGTON zone.
2:46 of 3rd period - Shot by Kyle Turris.
2:46 of 3rd period - Shot Misses the Net.
2:56 of 3rd period - Ryan O'Reilly is hit by Richard Panik and loses puck.
3:32 of 3rd period - Shot by Ethan Bear.
3:32 of 3rd period - Stopped by Carter Hart without a rebound.
3:33 of 3rd period - Ryan Getzlaf wins face-off versus Mark Scheifele in WASHINGTON zone.
3:39 of 3rd period - Minor Penalty to Brady Tkachuk for Slashing.
3:40 of 3rd period - Mark Scheifele wins face-off versus Ryan Getzlaf in TORONTO zone.
4:01 of 3rd period - Shot by Damon Severson.
4:01 of 3rd period - Stopped by Jonathan Quick with a rebound.
4:03 of 3rd period - Shot by Matt Niskanen.
4:03 of 3rd period - Stopped by Jonathan Quick without a rebound.
4:04 of 3rd period - Ryan Getzlaf wins face-off versus Mark Scheifele in TORONTO zone.
4:27 of 3rd period - Shot by Blake Wheeler.
4:27 of 3rd period - Shot Hit the Post.
4:29 of 3rd period - Shot by Clayton Keller.
4:29 of 3rd period - Deflect By Ryan Getzlaf.
4:29 of 3rd period - Stopped by Jonathan Quick without a rebound.
4:30 of 3rd period - Ryan O'Reilly wins face-off versus Mark Scheifele in TORONTO zone.
4:40 of 3rd period - Off-side.
4:41 of 3rd period - Ryan O'Reilly wins face-off versus Brayden Point in neutral zone.
5:04 of 3rd period - Icing by Damon Severson.
5:05 of 3rd period - Brayden Schenn wins face-off versus Joe Pavelski in WASHINGTON zone.
5:11 of 3rd period - Shot by Damon Severson.
5:11 of 3rd period - Stopped by Jonathan Quick without a rebound.
5:12 of 3rd period - Mark Scheifele wins face-off versus Ryan Getzlaf in TORONTO zone.
5:25 of 3rd period - Shot by Blake Wheeler.
5:25 of 3rd period - Stopped by Jonathan Quick without a rebound.
5:26 of 3rd period - Ryan O'Reilly wins face-off versus Mark Scheifele in TORONTO zone.
5:27 of 3rd period - Shot by Damon Severson.
5:27 of 3rd period - Stopped by Jonathan Quick with a rebound.
5:29 of 3rd period - Shot by Ryan O'Reilly.
5:29 of 3rd period - Shot Misses the Net.
5:42 of 3rd period - Zach Parise is hit by Jordie Benn and loses puck.
6:26 of 3rd period - Off-side.
6:27 of 3rd period - Casey Cizikas wins face-off versus Oskar Lindblom in neutral zone.
6:33 of 3rd period - Shot by Blake Wheeler.
6:33 of 3rd period - Shot Misses the Net.
6:39 of 3rd period - Shot by Casey Cizikas.
6:39 of 3rd period - Shot Misses the Net.
6:41 of 3rd period - Shot by Damon Severson.
6:41 of 3rd period - Shot Misses the Net.
7:16 of 3rd period - Icing by Kevin Shattenkirk.
7:17 of 3rd period - Ryan O'Reilly wins face-off versus Kyle Turris in TORONTO zone.
7:17 of 3rd period - Ryan O'Reilly is hit by Kevin Shattenkirk.
8:13 of 3rd period - Icing by Ryan Graves.
8:14 of 3rd period - Ryan Getzlaf wins face-off versus Mark Scheifele in WASHINGTON zone.
8:14 of 3rd period - Ryan Getzlaf is hit by Brady Tkachuk.
8:59 of 3rd period - Minor Penalty to Brady Tkachuk for Hooking.
9:00 of 3rd period - Ryan O'Reilly wins face-off versus Mark Scheifele in TORONTO zone.
9:31 of 3rd period - Shot by Zach Parise.
9:31 of 3rd period - Stopped by Jonathan Quick with a rebound.
9:36 of 3rd period - Ryan O'Reilly is hit by Jordie Benn and loses puck.
9:52 of 3rd period - Icing by Victor Hedman.
9:53 of 3rd period - Mark Scheifele wins face-off versus Ryan Getzlaf in WASHINGTON zone.
10:21 of 3rd period - Icing by Ryan Getzlaf.
10:22 of 3rd period - Joe Pavelski wins face-off versus Ryan Getzlaf in WASHINGTON zone.
11:09 of 3rd period - Minor Penalty to Casey Cizikas for Hooking.
11:09 of 3rd period - Minor Penalty to Ryan Reaves for Hooking.
11:10 of 3rd period - Ryan O'Reilly wins face-off versus Mark Scheifele in neutral zone.
11:52 of 3rd period - Icing by Brayden Schenn.
11:53 of 3rd period - Blake Wheeler wins face-off versus Joe Pavelski in WASHINGTON zone.
13:00 of 3rd period - Shot by Nick Suzuki.
13:00 of 3rd period - Stopped by Carter Hart without a rebound.
13:01 of 3rd period - Ryan O'Reilly wins face-off versus Nick Suzuki in WASHINGTON zone.
13:08 of 3rd period - Shot by Brayden Point.
13:08 of 3rd period - Shot Blocked by Ryan Graves.
13:10 of 3rd period - Shot by Kyle Turris.
13:10 of 3rd period - Goal by Kyle Turris - TORONTO : 2 - WASHINGTON : 0.
13:11 of 3rd period - Kyle Turris wins face-off versus Clayton Keller in neutral zone.
13:48 of 3rd period - Shot by Trevor Daley.
13:48 of 3rd period - Deflect By Kyle Turris.
13:48 of 3rd period - Stopped by Carter Hart without a rebound.
13:49 of 3rd period - Joe Pavelski wins face-off versus Casey Cizikas in WASHINGTON zone.
14:17 of 3rd period - Joe Pavelski is hit by Radko Gudas and loses puck.
14:21 of 3rd period - Minor Penalty to Radko Gudas for Hooking.
14:22 of 3rd period - Ryan O'Reilly wins face-off versus Mark Scheifele in WASHINGTON zone.
14:22 of 3rd period - Ryan O'Reilly is hit by Brady Tkachuk.
14:48 of 3rd period - Shot by Kevin Shattenkirk.
14:48 of 3rd period - Goal by Kevin Shattenkirk - TORONTO : 3 - WASHINGTON : 0.
14:49 of 3rd period - Kyle Turris wins face-off versus Ryan O'Reilly in neutral zone.
15:14 of 3rd period - Shot by Oskar Lindblom.
15:14 of 3rd period - Shot Misses the Net.
15:24 of 3rd period - Shot by Kyle Turris.
15:24 of 3rd period - Shot Blocked by Ryan Graves.
15:26 of 3rd period - Shot by Kyle Turris.
15:26 of 3rd period - Stopped by Carter Hart without a rebound.
15:27 of 3rd period - Mark Scheifele wins face-off versus Brendan Gallagher in WASHINGTON zone.
15:52 of 3rd period - Shot by Ryan Getzlaf.
15:52 of 3rd period - Shot Misses the Net.
15:54 of 3rd period - Shot by Damon Severson.
15:54 of 3rd period - Goal by Damon Severson - TORONTO : 3 - WASHINGTON : 1.
15:55 of 3rd period - Joe Pavelski wins face-off versus Casey Cizikas in neutral zone.
15:55 of 3rd period - Josh Morrissey is hit by Casey Cizikas and loses puck.
15:59 of 3rd period - Josh Morrissey is hit by Blake Wheeler and loses puck.
16:24 of 3rd period - Shot by Josh Morrissey.
16:24 of 3rd period - Stopped by Carter Hart without a rebound.
16:25 of 3rd period - Mark Scheifele wins face-off versus Ryan Getzlaf in WASHINGTON zone.
16:37 of 3rd period - Icing by Ryan Graves.
16:38 of 3rd period - Kyle Turris wins face-off versus Ryan Getzlaf in WASHINGTON zone.
16:51 of 3rd period - Shot by Ryan Graves.
16:51 of 3rd period - Stopped by Jonathan Quick without a rebound.
16:52 of 3rd period - Mark Scheifele wins face-off versus Casey Cizikas in TORONTO zone.
17:07 of 3rd period - Shot by Mark Scheifele.
17:07 of 3rd period - Stopped by Carter Hart with a rebound.
17:19 of 3rd period - Shot by Brayden Point.
17:19 of 3rd period - Shot Blocked by Matt Niskanen.
17:31 of 3rd period - Damon Severson is hit by Brady Tkachuk and loses puck.
18:12 of 3rd period - Icing by Victor Hedman.
18:13 of 3rd period - Ryan Getzlaf wins face-off versus Kyle Turris in WASHINGTON zone.
18:20 of 3rd period - Shot by Brendan Gallagher.
18:20 of 3rd period - Stopped by Jonathan Quick without a rebound.
18:21 of 3rd period - Kyle Turris wins face-off versus Ryan O'Reilly in TORONTO zone.
18:48 of 3rd period - Shot by Kyle Turris.
18:48 of 3rd period - Stopped by Carter Hart without a rebound.
18:49 of 3rd period - Mark Scheifele wins face-off versus Ryan Getzlaf in WASHINGTON zone.
18:52 of 3rd period - Shot by Mark Scheifele.
18:52 of 3rd period - Stopped by Carter Hart with a rebound.
19:16 of 3rd period - Icing by Mark Scheifele.
19:17 of 3rd period - Casey Cizikas wins face-off versus Mark Scheifele in TORONTO zone.
19:17 of 3rd period - Damon Severson is hit by Alex Pietrangelo and loses puck.
19:33 of 3rd period - Casey Cizikas is hit by Alex Pietrangelo and loses puck.
Goals for this period are 2 for TORONTO vs 1 for WASHINGTON.
Shots for this period are 11 for TORONTO vs 11 for WASHINGTON.